Blues vs Stars
(R1)
Created - June 4, 2022 at 21:05
Goals
|
| Blues |
2 |
0 |
2 |
4 |
| Stars |
2 |
1 |
3 |
6 |
|
Shots
|
| Blues |
10 |
9 |
14 |
33 |
| Stars |
15 |
3 |
13 |
31 |
|
1st period
1. Blues , Alex Pietrangelo 19 (Nicklas Backstrom 67, Tyler Johnson 55) at 2:52 (PP)
2. Stars , John Tavares 53 (Michael Grabner 42, Boris Valabik 21) at 4:41
3. Stars , Guillaume Latendresse 33 (John Tavares 70, Michael Grabner 43) at 8:42
4. Blues , Tyler Johnson 44 (Nicklas Backstrom 68) at 13:47
Penalties :
Evgeny Grachev (Dal) for Hooking (Minor) at 2:45, Matt Martin (Stl) for Holding (Minor) at 10:29, Brian Lee (Dal) for Hooking (Minor) at 18:34
2nd period
5. Stars , Andrew Ladd 13 (Brian Lee 25) at 5:59
Penalties :
Brian Lee (Dal) for Hooking (Minor) at 6:37, Nicklas Backstrom (Stl) for Holding (Minor) at 9:22, Guillaume Latendresse (Dal) for Tripping (Minor) at 12:26, Andrew Ladd (Dal) for Hooking (Minor) at 18:26
3rd period
6. Blues , Tyler Johnson 45 (Ryan Murray 24) at 5:35
7. Blues , Tyler Johnson 46 (Filip Forsberg 37, Nicklas Backstrom 69) at 7:46 (PP)
8. Stars , John Tavares 54 (Guillaume Latendresse 34) at 9:21
9. Stars , Michael Grabner 33 (John Tavares 71) at 9:39 (PP)
10. Stars , Cory Emmerton 8 (Paul Ladue 13, Cam Atkinson 16) at 18:09
Penalties :
Cam Atkinson (Dal) for Hooking (Minor) at 7:28, Tyler Johnson (Stl) for Slashing (Minor) at 9:24, Filip Forsberg (Stl) for Tripping (Minor) at 15:40, David Perron (Stl) for Kneeing (Minor) at 19:53
Goalie Stats
Carey Price (Stl), 25 saves from 31 shots - (0.806), L, 34-18-6, 60:00 minutes
Braden Holtby (Dal), 29 saves from 33 shots - (0.879), W, 8-7-0, 60:00 minutes
Players Stats for Blues
Player Name G A P +/- PIM S H SB GA TA FO MP PP MP PK MP
------------------------------------------------------------------------------------
Alex Pietrangelo 1 0 1 -1 0 4 1 1 0 1 0/0 22:59 5:29 0:00
Anthony Mantha 0 0 0 0 0 1 1 0 0 0 0/0 9:59 0:00 0:00
Auston Matthews 0 0 0 -2 0 0 0 0 0 0 4/12 11:33 0:00 0:00
Brandon Montour 0 0 0 -1 0 1 1 0 0 0 0/0 15:48 2:52 0:00
Cody Ceci 0 0 0 -1 0 0 2 2 1 1 0/0 19:39 0:08 4:14
David Perron 0 0 0 -2 2 3 3 0 0 0 0/0 16:31 3:32 0:25
Devin Shore 0 0 0 0 0 2 0 1 0 0 3/4 14:01 3:32 0:12
Drew Shore 0 0 0 0 0 2 0 0 1 1 6/9 11:59 0:00 3:47
Filip Forsberg 0 1 1 -1 2 1 0 1 0 1 2/2 19:32 4:49 0:00
Jacob Slavin 0 0 0 -1 0 1 0 0 0 1 0/0 21:55 5:29 2:04
Ladislav Smid 0 0 0 -1 0 3 0 2 0 0 0/0 15:19 0:00 2:04
Matt Martin 0 0 0 0 2 2 0 1 0 0 0/0 9:50 0:00 0:00
Nicklas Backstrom 0 3 3 -1 2 2 1 1 0 0 15/31 20:00 4:49 0:00
Patrick Kaleta 0 0 0 0 0 2 0 0 0 0 0/0 10:06 0:00 1:48
Riley Sheahan 0 0 0 -2 0 1 1 0 0 0 0/1 17:18 3:32 1:48
Ryan Murray 0 1 1 -1 0 0 1 1 0 2 0/0 24:20 2:44 4:14
Samuel Morin 0 0 0 0 0 2 0 0 0 1 0/1 9:43 0:00 1:02
Tyler Johnson 3 1 4 -1 2 6 2 0 0 0 2/3 23:05 4:49 3:34
Players Stats for Stars
Player Name G A P +/- PIM S H SB GA TA FO MP PP MP PK MP
------------------------------------------------------------------------------------
Alex Chiasson 0 0 0 0 0 3 0 0 0 0 1/2 14:23 3:13 0:00
Andrej Sustr 0 0 0 1 0 0 1 4 0 0 0/0 24:04 3:05 4:37
Andrew Ladd 1 0 1 0 2 4 2 0 1 0 0/0 17:11 3:12 2:28
Boris Valabik 0 1 1 2 0 0 1 1 0 0 0/0 20:30 3:05 3:37
Brian Lee 0 1 1 0 4 1 0 0 0 0 0/0 23:08 3:13 2:20
Cam Atkinson 0 1 1 0 2 0 1 1 0 0 0/1 11:53 0:00 0:00
Cory Emmerton 1 0 1 0 0 1 0 1 2 0 3/6 13:37 0:01 1:23
Evgeny Grachev 0 0 0 0 2 5 3 0 0 0 9/14 16:17 3:12 1:54
Evgeny Kuznetsov 0 0 0 0 0 0 0 0 0 0 3/5 6:17 0:00 0:00
Guillaume Latendresse 1 1 2 3 2 2 0 0 1 0 2/2 22:47 3:05 3:57
Ian White 0 0 0 -1 0 2 1 1 0 1 0/0 28:08 3:13 4:44
John Tavares 2 2 4 3 0 6 1 0 4 1 13/32 23:37 3:05 4:53
Jonathan Drouin 0 0 0 0 0 0 1 0 0 0 0/0 8:30 0:01 1:53
Michael Grabner 1 2 3 3 0 5 3 1 0 0 0/0 18:24 3:05 0:00
Paul Ladue 0 1 1 2 0 1 1 1 0 0 0/0 13:00 0:00 1:24
Scott Kosmachuck 0 0 0 0 0 0 0 0 0 0 0/0 6:17 0:00 0:00
Tobias Rieder 0 0 0 0 0 0 0 0 0 0 0/1 12:08 0:00 0:14
Tyson Barrie 0 0 0 2 0 1 0 0 0 0 0/0 11:22 0:00 0:00
3 Stars
1 - John Tavares (Dal)
2 - Michael Grabner (Dal)
3 - Tyler Johnson (Stl)
Power Play
Blues - 2 on 6 Attempt(s) - 33.33%
Stars - 1 on 5 Attempt(s) - 20.00%
Penalty Kill
Blues - 4 on 5 Attempt(s) - 80.00%
- Score 0 goal in Penalty Kill
Stars - 4 on 6 Attempt(s) - 66.67%
- Score 0 goal in Penalty Kill
Team Stat
Blues - Hits : 13 - Faceoff Wins : 32 - Blocked Shots : 10 - Penalty Minutes : 10
Stars - Hits : 15 - Faceoff Wins : 31 - Blocked Shots : 10 - Penalty Minutes : 12
Official
Referees : Conor O'Donnell and Kyle Rehman
Linesman : Tony Sericolo and Brandon Gawryletz
Game Notes
Tyler Johnson has scored a Hat Trick!
Finance
Level 1 -- Attendance: 5980 (99.67%) -- Ticket Income $598,000
Level 2 -- Attendance: 5000 (100.00%) -- Ticket Income $300,000
Level 3 -- Attendance: 1926 (96.30%) -- Ticket Income $67,410
Level 4 -- Attendance: 3737 (93.43%) -- Ticket Income $93,425
Luxury Box -- Attendance: 928 (92.80%) -- Ticket Income $185,600
Game was played at the American Airlines Center.
Total Attendance: 17571 (97.62%)
Total Ticket Income: $1,244,435
Other Income: $186,665
Total Income: $1,431,100
Blues
5 vs 5 Forward
Center Left Wing Right Wing Time % Phy DF OF
1 Nicklas Backstrom Filip Forsberg Tyler Johnson 40 1 2 2
2 Auston Matthews David Perron Riley Sheahan 30 1 2 2
3 Devin Shore Matt Martin Anthony Mantha 20 1 2 2
4 Drew Shore Samuel Morin Patrick Kaleta 10 1 2 2
5 vs 5 Defense
Defense Defense Time % Phy DF OF
1 Alex Pietrangelo Ryan Murray 40 1 2 2
2 Jacob Slavin Cody Ceci 30 1 2 2
3 Ladislav Smid Brandon Montour 20 1 2 2
4 Ryan Murray Alex Pietrangelo 10 1 2 2
PowerPlay Forward
Center Left Wing Right Wing Time % Phy DF OF
1 Nicklas Backstrom Filip Forsberg Tyler Johnson 60 1 2 2
2 Devin Shore David Perron Riley Sheahan 40 1 2 2
PowerPlay Defense
Defense Defense Time % Phy DF OF
1 Alex Pietrangelo Jacob Slavin 60 1 2 2
2 Brandon Montour Ryan Murray 40 1 2 2
Penalty Kill 4 Players Forward
Center Wing Time % Phy DF OF
1 Drew Shore Tyler Johnson 60 1 2 2
2 Riley Sheahan Patrick Kaleta 40 1 2 2
Penalty Kill 4 Players Defense
Defense Defense Time % Phy DF OF
1 Cody Ceci Ryan Murray 60 1 2 2
2 Ladislav Smid Jacob Slavin 40 1 2 2
Penalty Kill - 3 Players Forward
Forward Time % Phy DF OF
1 Riley Sheahan 60 1 2 2
2 Drew Shore 40 1 2 2
Penalty Kill - 3 Players Defense
Defense Defense Time % Phy DF OF
1 Cody Ceci Ladislav Smid 60 1 2 2
2 Ryan Murray Jacob Slavin 40 1 2 2
4 vs 4 Forward
Center Wing Time % Phy DF OF
1 Nicklas Backstrom Filip Forsberg 60 1 2 2
2 Drew Shore Tyler Johnson 40 1 2 2
4 vs 4 Defense
Defense Defense Time % Phy DF OF
1 Alex Pietrangelo Cody Ceci 60 1 2 2
2 Brandon Montour Ryan Murray 40 1 2 2
Last Minutes Offensive
Center Left Wing Right Wing Defense Defense
Nicklas Backstrom Filip Forsberg Tyler Johnson Alex Pietrangelo Jacob Slavin
Last Minutes Defensive
Center Left Wing Right Wing Defense Defense
Drew Shore David Perron Tyler Johnson Cody Ceci Ladislav Smid
Goaltenders
Starting : Carey Price
Backup : Joonas Korpisalo
Extra Forwards
Normal : Anthony Mantha, Auston Matthews, Samuel Morin - PP : Anthony Mantha, Devin Shore - PK : Samuel Morin
Extra Defensemen
Normal : Ladislav Smid, Brandon Montour, Jacob Slavin - PP : Brandon Montour - PK : Alex Pietrangelo, Brandon Montour
Penalty Shots
David Perron, Auston Matthews, Devin Shore, Filip Forsberg, Tyler Johnson
Scratches
Linus Omark (Healthy), Martin Marincin (Healthy), Peter Regin (Healthy)
Stars
5 vs 5 Forward
Center Left Wing Right Wing Time % Phy DF OF
1 John Tavares Guillaume Latendresse Michael Grabner 40 1 2 2
2 Evgeny Grachev Andrew Ladd Alex Chiasson 30 1 2 2
3 Cory Emmerton Tobias Rieder Cam Atkinson 20 1 2 2
4 Evgeny Kuznetsov Jonathan Drouin Scott Kosmachuck 10 1 2 2
5 vs 5 Defense
Defense Defense Time % Phy DF OF
1 Ian White Brian Lee 40 1 2 2
2 Boris Valabik Andrej Sustr 30 1 2 2
3 Paul Ladue Tyson Barrie 20 1 2 2
4 Ian White Brian Lee 10 1 2 2
PowerPlay Forward
Center Left Wing Right Wing Time % Phy DF OF
1 John Tavares Guillaume Latendresse Michael Grabner 60 0 2 3
2 Evgeny Grachev Andrew Ladd Alex Chiasson 40 0 2 3
PowerPlay Defense
Defense Defense Time % Phy DF OF
1 Ian White Brian Lee 60 0 2 3
2 Boris Valabik Andrej Sustr 40 0 2 3
Penalty Kill 4 Players Forward
Center Wing Time % Phy DF OF
1 John Tavares Guillaume Latendresse 60 0 3 2
2 Evgeny Grachev Andrew Ladd 40 0 3 2
Penalty Kill 4 Players Defense
Defense Defense Time % Phy DF OF
1 Ian White Brian Lee 60 0 3 2
2 Boris Valabik Andrej Sustr 40 0 3 2
Penalty Kill - 3 Players Forward
Forward Time % Phy DF OF
1 John Tavares 60 0 3 2
2 Evgeny Grachev 40 0 3 2
Penalty Kill - 3 Players Defense
Defense Defense Time % Phy DF OF
1 Ian White Brian Lee 60 0 3 2
2 Boris Valabik Andrej Sustr 40 0 3 2
4 vs 4 Forward
Center Wing Time % Phy DF OF
1 John Tavares Guillaume Latendresse 60 0 2 3
2 Evgeny Grachev Andrew Ladd 40 0 2 3
4 vs 4 Defense
Defense Defense Time % Phy DF OF
1 Ian White Brian Lee 60 1 2 2
2 Boris Valabik Andrej Sustr 40 1 2 2
Last Minutes Offensive
Center Left Wing Right Wing Defense Defense
John Tavares Guillaume Latendresse Michael Grabner Ian White Brian Lee
Last Minutes Defensive
Center Left Wing Right Wing Defense Defense
John Tavares Guillaume Latendresse Michael Grabner Ian White Brian Lee
Goaltenders
Starting : Braden Holtby
Backup : Matt Murray
Extra Forwards
Normal : Andrew Ladd, Evgeny Grachev, Cam Atkinson - PP : Andrew Ladd, Evgeny Grachev - PK : Andrew Ladd
Extra Defensemen
Normal : Andrej Sustr, Paul Ladue, Tyson Barrie - PP : Andrej Sustr - PK : Andrej Sustr, Paul Ladue
Penalty Shots
John Tavares, Guillaume Latendresse, Michael Grabner, Alex Chiasson, Andrew Ladd
Scratches
Danny Richmond (Healthy), Tyler Brenner (Healthy)
% Time on Ice - Blues
Lines # - Real PCT - Wanted PCT - Time Play
Normal Forward
1 - 34% - 40% - 15:13
2 - 27% - 30% - 12:13
3 - 21% - 20% - 9:44
4 - 18% - 10% - 8:11
Normal Defense
1 - 41% - 40% - 18:32
2 - 29% - 30% - 13:14
3 - 27% - 20% - 12:13
4 - 3% - 10% - 1:22
PP Forward
1 - 58% - 60% - 4:49
2 - 42% - 40% - 3:32
PP Defense
1 - 67% - 60% - 5:37
2 - 33% - 40% - 2:44
PK Forward
1 - 71% - 60% - 4:30
2 - 29% - 40% - 1:48
PK Defense
1 - 67% - 60% - 4:14
2 - 33% - 40% - 2:04
PK3 Forward
1 - 0% - 60%
2 - 0% - 40%
PK3 Defense
1 - 0% - 60%
2 - 0% - 40%
44 Forward
1 - 0% - 60%
2 - 0% - 40%
44 Defense
1 - 0% - 60%
2 - 0% - 40%
Last Minute Offensive - 0:00
Last Minute Defensive - 0:00
Total
Forward - 60:00
Defense - 60:00
|
% Time on Ice - Stars
Lines # - Real PCT - Wanted PCT - Time Play
Normal Forward
1 - 35% - 40% - 15:46
2 - 25% - 30% - 11:24
3 - 26% - 20% - 11:54
4 - 14% - 10% - 6:17
Normal Defense
1 - 41% - 40% - 18:45
2 - 30% - 30% - 13:34
3 - 26% - 20% - 11:36
4 - 3% - 10% - 1:26
PP Forward
1 - 49% - 60% - 3:05
2 - 51% - 40% - 3:13
PP Defense
1 - 51% - 60% - 3:13
2 - 49% - 40% - 3:05
PK Forward
1 - 80% - 60% - 6:41
2 - 20% - 40% - 1:40
PK Defense
1 - 64% - 60% - 5:19
2 - 36% - 40% - 3:02
PK3 Forward
1 - 0% - 60%
2 - 0% - 40%
PK3 Defense
1 - 0% - 60%
2 - 0% - 40%
44 Forward
1 - 0% - 60%
2 - 0% - 40%
44 Defense
1 - 0% - 60%
2 - 0% - 40%
Last Minute Offensive - 0:00
Last Minute Defensive - 0:00
Total
Forward - 60:00
Defense - 60:00
|
Play-by-Play
1st period
0:01 of 1st period - John Tavares wins face-off versus Nicklas Backstrom in neutral zone.
0:14 of 1st period - Wrist shot by Michael Grabner.
0:14 of 1st period - Shot Misses the Net.
0:31 of 1st period - Snap shot by Evgeny Grachev.
0:31 of 1st period - Stopped by Carey Price with a rebound.
0:33 of 1st period - Wrist shot by Andrew Ladd.
0:33 of 1st period - Stopped by Carey Price without a rebound.
0:34 of 1st period - Devin Shore wins face-off versus Cory Emmerton in Blues zone.
0:40 of 1st period - Off-side.
0:41 of 1st period - Cory Emmerton wins face-off versus Devin Shore in neutral zone.
0:50 of 1st period - Slapshot by Cam Atkinson.
0:50 of 1st period - Shot Blocked by Devin Shore.
0:56 of 1st period - Snap shot by Devin Shore.
0:56 of 1st period - Stopped by Braden Holtby without a rebound.
0:57 of 1st period - Evgeny Kuznetsov wins face-off versus Auston Matthews in Stars zone.
1:24 of 1st period - Ladislav Smid is hit by Ian White and loses puck.
1:49 of 1st period - Samuel Morin is hit by Andrej Sustr and loses puck.
2:45 of 1st period - Minor Penalty to Evgeny Grachev for Hooking.
2:46 of 1st period - Filip Forsberg wins face-off versus John Tavares in Stars zone.
2:52 of 1st period - Slapshot by Alex Pietrangelo.
2:52 of 1st period - Goal by Alex Pietrangelo - Blues : 1 - Stars : 0.
2:53 of 1st period - John Tavares wins face-off versus Nicklas Backstrom in neutral zone.
4:00 of 1st period - Icing by Ryan Murray.
4:01 of 1st period - Evgeny Kuznetsov wins face-off versus Drew Shore in Blues zone.
4:04 of 1st period - Wrist shot by Evgeny Kuznetsov.
4:04 of 1st period - Shot Misses the Net.
4:35 of 1st period - Snap shot by John Tavares.
4:35 of 1st period - Shot Misses the Net.
4:37 of 1st period - Snap shot by Guillaume Latendresse.
4:37 of 1st period - Stopped by Carey Price with a rebound.
4:39 of 1st period - Slapshot by Boris Valabik.
4:39 of 1st period - Deflect By Michael Grabner.
4:39 of 1st period - Stopped by Carey Price with a rebound.
4:41 of 1st period - Snap shot by John Tavares.
4:41 of 1st period - Goal by John Tavares - Blues : 1 - Stars : 1.
4:42 of 1st period - Nicklas Backstrom wins face-off versus John Tavares in neutral zone.
4:45 of 1st period - Slapshot by Alex Pietrangelo.
4:45 of 1st period - Stopped by Braden Holtby with a rebound.
5:18 of 1st period - Icing by Riley Sheahan.
5:19 of 1st period - Auston Matthews wins face-off versus Evgeny Grachev in Blues zone.
5:19 of 1st period - Auston Matthews is hit by Evgeny Grachev.
5:27 of 1st period - Slapshot by Alex Pietrangelo.
5:27 of 1st period - Shot Blocked by Paul Ladue.
5:29 of 1st period - Slapshot by Alex Pietrangelo.
5:29 of 1st period - Deflect By Riley Sheahan.
5:29 of 1st period - Shot Misses the Net.
5:29 of 1st period - Puck is out of play.
5:30 of 1st period - Nicklas Backstrom wins face-off versus Tobias Rieder in Stars zone.
5:59 of 1st period - Backhand shot by Evgeny Grachev.
5:59 of 1st period - Stopped by Carey Price without a rebound.
6:00 of 1st period - Evgeny Grachev wins face-off versus Auston Matthews in Blues zone.
6:01 of 1st period - Snap shot by Andrew Ladd.
6:01 of 1st period - Shot Misses the Net.
6:03 of 1st period - Snap shot by Alex Chiasson.
6:03 of 1st period - Stopped by Carey Price with a rebound.
6:09 of 1st period - Wrist shot by Andrew Ladd.
6:09 of 1st period - Stopped by Carey Price without a rebound.
6:10 of 1st period - Nicklas Backstrom wins face-off versus John Tavares in Blues zone.
6:17 of 1st period - Guillaume Latendresse is hit by Alex Pietrangelo and loses puck.
7:28 of 1st period - Snap shot by Evgeny Kuznetsov.
7:28 of 1st period - Shot Misses the Net.
8:28 of 1st period - Wrist shot by David Perron.
8:28 of 1st period - Deflect By Auston Matthews.
8:28 of 1st period - Shot Misses the Net.
8:28 of 1st period - Puck is out of play.
8:29 of 1st period - John Tavares wins face-off versus Nicklas Backstrom in Stars zone.
8:42 of 1st period - Wrist shot by Guillaume Latendresse.
8:42 of 1st period - Goal by Guillaume Latendresse - Blues : 1 - Stars : 2.
8:43 of 1st period - John Tavares wins face-off versus Nicklas Backstrom in neutral zone.
8:46 of 1st period - Snap shot by Brian Lee.
8:46 of 1st period - Stopped by Carey Price with a rebound.
8:57 of 1st period - Off-side.
8:58 of 1st period - Evgeny Grachev wins face-off versus Auston Matthews in neutral zone.
10:11 of 1st period - Wrist shot by John Tavares.
10:11 of 1st period - Shot Blocked by Cody Ceci.
10:13 of 1st period - Slapshot by Ian White.
10:13 of 1st period - Stopped by Carey Price with a rebound.
10:15 of 1st period - Slapshot by Tobias Rieder.
10:15 of 1st period - Shot Misses the Net.
10:29 of 1st period - Minor Penalty to Matt Martin for Holding.
10:30 of 1st period - Drew Shore wins face-off versus Evgeny Grachev in Blues zone.
10:39 of 1st period - Wrist shot by Tyler Johnson.
10:39 of 1st period - Stopped by Braden Holtby without a rebound.
10:40 of 1st period - Drew Shore wins face-off versus Evgeny Grachev in Stars zone.
11:04 of 1st period - Wrist shot by Evgeny Grachev.
11:04 of 1st period - Stopped by Carey Price with a rebound.
11:24 of 1st period - Snap shot by Andrew Ladd.
11:24 of 1st period - Shot Misses the Net.
11:28 of 1st period - Backhand shot by Evgeny Grachev.
11:28 of 1st period - Shot Misses the Net.
11:55 of 1st period - Snap shot by Evgeny Grachev.
11:55 of 1st period - Stopped by Carey Price without a rebound.
11:56 of 1st period - John Tavares wins face-off versus Riley Sheahan in Blues zone.
12:29 of 1st period - Penalty to Matt Martin is over, Matt Martin is back on ice.
12:58 of 1st period - Tyson Barrie is hit by David Perron and loses puck.
13:38 of 1st period - Off-side.
13:39 of 1st period - Nicklas Backstrom wins face-off versus Cam Atkinson in neutral zone.
13:47 of 1st period - Snap shot by Tyler Johnson.
13:47 of 1st period - Goal by Tyler Johnson - Blues : 2 - Stars : 2.
13:48 of 1st period - Evgeny Grachev wins face-off versus Nicklas Backstrom in neutral zone.
13:51 of 1st period - Slapshot by Boris Valabik.
13:51 of 1st period - Shot Misses the Net.
14:15 of 1st period - Riley Sheahan is hit by Boris Valabik and loses puck.
15:00 of 1st period - Wrist shot by Matt Martin.
15:00 of 1st period - Stopped by Braden Holtby with a rebound.
15:02 of 1st period - Wrist shot by Anthony Mantha.
15:02 of 1st period - Stopped by Braden Holtby with a rebound.
15:04 of 1st period - Snap shot by Matt Martin.
15:04 of 1st period - Shot Misses the Net.
15:06 of 1st period - Snap shot by Devin Shore.
15:06 of 1st period - Stopped by Braden Holtby with a rebound.
15:08 of 1st period - Snap shot by Matt Martin.
15:08 of 1st period - Shot Blocked by Andrej Sustr.
15:21 of 1st period - Wrist shot by Alex Chiasson.
15:21 of 1st period - Stopped by Carey Price with a rebound.
15:45 of 1st period - Snap shot by Riley Sheahan.
15:45 of 1st period - Stopped by Braden Holtby with a rebound.
15:47 of 1st period - Snap shot by David Perron.
15:47 of 1st period - Shot Misses the Net.
15:49 of 1st period - Snap shot by David Perron.
15:49 of 1st period - Stopped by Braden Holtby without a rebound.
15:50 of 1st period - Evgeny Grachev wins face-off versus Auston Matthews in Stars zone.
16:46 of 1st period - Wrist shot by Devin Shore.
16:46 of 1st period - Shot Blocked by Cam Atkinson.
17:52 of 1st period - Snap shot by Michael Grabner.
17:52 of 1st period - Shot Misses the Net.
17:54 of 1st period - Slapshot by Ian White.
17:54 of 1st period - Stopped by Carey Price with a rebound.
17:56 of 1st period - Slapshot by Brian Lee.
17:56 of 1st period - Shot Blocked by Ryan Murray.
18:06 of 1st period - Alex Pietrangelo is hit by Cam Atkinson and loses puck.
18:13 of 1st period - Snap shot by Cory Emmerton.
18:13 of 1st period - Shot Misses the Net.
18:15 of 1st period - Slapshot by Ian White.
18:15 of 1st period - Deflect By Cory Emmerton.
18:15 of 1st period - Shot Blocked by Filip Forsberg.
18:15 of 1st period - Puck is out of play.
18:16 of 1st period - Nicklas Backstrom wins face-off versus John Tavares in Blues zone.
18:34 of 1st period - Minor Penalty to Brian Lee for Hooking.
18:35 of 1st period - John Tavares wins face-off versus Nicklas Backstrom in Stars zone.
Goals for this period are 2 for Blues vs 2 for Stars.
Shots for this period are 10 for Blues vs 15 for Stars.
2nd period
0:01 of 2nd period - John Tavares wins face-off versus Nicklas Backstrom in neutral zone.
0:06 of 2nd period - Snap shot by Guillaume Latendresse.
0:06 of 2nd period - Shot Misses the Net.
0:32 of 2nd period - Wrist shot by Riley Sheahan.
0:32 of 2nd period - Shot Blocked by Andrej Sustr.
0:34 of 2nd period - Penalty to Brian Lee is over, Brian Lee is back on ice.
0:54 of 2nd period - Icing by Ian White.
0:55 of 2nd period - Cory Emmerton wins face-off versus Drew Shore in Stars zone.
2:10 of 2nd period - Wrist shot by Drew Shore.
2:10 of 2nd period - Stopped by Braden Holtby with a rebound.
2:12 of 2nd period - Snap shot by Ladislav Smid.
2:12 of 2nd period - Shot Misses the Net.
2:14 of 2nd period - Slapshot by Brandon Montour.
2:14 of 2nd period - Shot Blocked by Andrej Sustr.
2:16 of 2nd period - Wrist shot by Drew Shore.
2:16 of 2nd period - Shot Blocked by Cory Emmerton.
2:18 of 2nd period - Slapshot by Samuel Morin.
2:18 of 2nd period - Stopped by Braden Holtby with a rebound.
2:20 of 2nd period - Slapshot by Brandon Montour.
2:20 of 2nd period - Shot Misses the Net.
3:23 of 2nd period - Snap shot by Patrick Kaleta.
3:23 of 2nd period - Stopped by Braden Holtby with a rebound.
3:25 of 2nd period - Snap shot by Ladislav Smid.
3:25 of 2nd period - Stopped by Braden Holtby with a rebound.
3:27 of 2nd period - Snap shot by Samuel Morin.
3:27 of 2nd period - Stopped by Braden Holtby with a rebound.
3:37 of 2nd period - Slapshot by Drew Shore.
3:37 of 2nd period - Stopped by Braden Holtby without a rebound.
3:38 of 2nd period - Nicklas Backstrom wins face-off versus John Tavares in Stars zone.
4:05 of 2nd period - Alex Pietrangelo is hit by Evgeny Grachev and loses puck.
4:39 of 2nd period - Off-side.
4:40 of 2nd period - John Tavares wins face-off versus Nicklas Backstrom in neutral zone.
5:09 of 2nd period - Guillaume Latendresse is hit by Tyler Johnson and loses puck.
5:43 of 2nd period - Wrist shot by Nicklas Backstrom.
5:43 of 2nd period - Stopped by Braden Holtby without a rebound.
5:44 of 2nd period - Auston Matthews wins face-off versus Evgeny Grachev in Stars zone.
5:57 of 2nd period - Wrist shot by Brian Lee.
5:57 of 2nd period - Shot Misses the Net.
5:59 of 2nd period - Slapshot by Andrew Ladd.
5:59 of 2nd period - Goal by Andrew Ladd - Blues : 2 - Stars : 3.
6:00 of 2nd period - Evgeny Grachev wins face-off versus Auston Matthews in neutral zone.
6:07 of 2nd period - Slapshot by Brian Lee.
6:07 of 2nd period - Shot Blocked by Alex Pietrangelo.
6:23 of 2nd period - Brian Lee is hit by Cody Ceci and loses puck.
6:30 of 2nd period - Wrist shot by David Perron.
6:30 of 2nd period - Stopped by Braden Holtby with a rebound.
6:37 of 2nd period - Minor Penalty to Brian Lee for Hooking.
6:38 of 2nd period - Nicklas Backstrom wins face-off versus John Tavares in Stars zone.
6:38 of 2nd period - Snap shot by Tyler Johnson.
6:38 of 2nd period - Shot Misses the Net.
7:33 of 2nd period - Ryan Murray is hit by Paul Ladue and loses puck.
8:37 of 2nd period - Penalty to Brian Lee is over, Brian Lee is back on ice.
8:50 of 2nd period - Off-side.
8:51 of 2nd period - Drew Shore wins face-off versus Evgeny Kuznetsov in neutral zone.
8:54 of 2nd period - Slapshot by Brandon Montour.
8:54 of 2nd period - Stopped by Braden Holtby without a rebound.
8:55 of 2nd period - Evgeny Kuznetsov wins face-off versus Drew Shore in Stars zone.
9:22 of 2nd period - Minor Penalty to Nicklas Backstrom for Holding.
9:23 of 2nd period - Drew Shore wins face-off versus John Tavares in Blues zone.
9:35 of 2nd period - Drew Shore is hit by Michael Grabner and loses puck.
11:02 of 2nd period - Brian Lee is hit by Riley Sheahan.
11:22 of 2nd period - Penalty to Nicklas Backstrom is over, Nicklas Backstrom is back on ice.
12:04 of 2nd period - Snap shot by Jonathan Drouin.
12:04 of 2nd period - Shot Misses the Net.
12:26 of 2nd period - Minor Penalty to Guillaume Latendresse for Tripping.
12:27 of 2nd period - Nicklas Backstrom wins face-off versus John Tavares in Stars zone.
13:43 of 2nd period - Ian White is hit by Tyler Johnson and loses puck.
14:26 of 2nd period - Penalty to Guillaume Latendresse is over, Guillaume Latendresse is back on ice.
14:42 of 2nd period - Tyson Barrie is hit by Cody Ceci and loses puck.
14:55 of 2nd period - Wrist shot by Andrew Ladd.
14:55 of 2nd period - Stopped by Carey Price with a rebound.
14:57 of 2nd period - Slapshot by Brian Lee.
14:57 of 2nd period - Shot Blocked by Matt Martin.
15:15 of 2nd period - Drew Shore is hit by Jonathan Drouin and loses puck.
15:28 of 2nd period - Matt Martin is hit by Andrew Ladd and loses puck.
17:02 of 2nd period - Snap shot by Evgeny Grachev.
17:02 of 2nd period - Shot Misses the Net.
17:14 of 2nd period - Michael Grabner is hit by Brandon Montour and loses puck.
17:42 of 2nd period - Slapshot by John Tavares.
17:42 of 2nd period - Stopped by Carey Price without a rebound.
17:43 of 2nd period - Filip Forsberg wins face-off versus Cory Emmerton in Blues zone.
18:26 of 2nd period - Minor Penalty to Andrew Ladd for Hooking.
18:27 of 2nd period - Guillaume Latendresse wins face-off versus Nicklas Backstrom in Stars zone.
Goals for this period are 0 for Blues vs 1 for Stars.
Shots for this period are 9 for Blues vs 3 for Stars.
3rd period
0:01 of 3rd period - Nicklas Backstrom wins face-off versus John Tavares in neutral zone.
0:26 of 3rd period - Penalty to Andrew Ladd is over, Andrew Ladd is back on ice.
0:26 of 3rd period - John Tavares is hit by David Perron and loses puck.
1:17 of 3rd period - Wrist shot by Ladislav Smid.
1:17 of 3rd period - Stopped by Braden Holtby without a rebound.
1:18 of 3rd period - Tyler Johnson wins face-off versus Evgeny Grachev in Stars zone.
1:29 of 3rd period - Wrist shot by Nicklas Backstrom.
1:29 of 3rd period - Stopped by Braden Holtby without a rebound.
1:30 of 3rd period - Nicklas Backstrom wins face-off versus John Tavares in Stars zone.
1:31 of 3rd period - Wrist shot by Tyler Johnson.
1:31 of 3rd period - Shot Misses the Net.
1:33 of 3rd period - Snap shot by Jacob Slavin.
1:33 of 3rd period - Stopped by Braden Holtby without a rebound.
1:34 of 3rd period - Nicklas Backstrom wins face-off versus John Tavares in Stars zone.
1:35 of 3rd period - Wrist shot by Filip Forsberg.
1:35 of 3rd period - Shot Blocked by Andrej Sustr.
1:37 of 3rd period - Slapshot by Jacob Slavin.
1:37 of 3rd period - Shot Blocked by Michael Grabner.
1:45 of 3rd period - Wrist shot by Tyler Johnson.
1:45 of 3rd period - Shot Misses the Net.
1:47 of 3rd period - Snap shot by Filip Forsberg.
1:47 of 3rd period - Stopped by Braden Holtby with a rebound.
1:49 of 3rd period - Wrist shot by Nicklas Backstrom.
1:49 of 3rd period - Shot Misses the Net.
1:51 of 3rd period - Snap shot by Tyler Johnson.
1:51 of 3rd period - Stopped by Braden Holtby without a rebound.
1:52 of 3rd period - Evgeny Grachev wins face-off versus Auston Matthews in Stars zone.
2:22 of 3rd period - Alex Pietrangelo is hit by John Tavares and loses puck.
3:09 of 3rd period - Snap shot by Scott Kosmachuck.
3:09 of 3rd period - Shot Blocked by Cody Ceci.
3:43 of 3rd period - Slapshot by Patrick Kaleta.
3:43 of 3rd period - Stopped by Braden Holtby with a rebound.
4:07 of 3rd period - Wrist shot by Tobias Rieder.
4:07 of 3rd period - Shot Misses the Net.
4:13 of 3rd period - Slapshot by Ladislav Smid.
4:13 of 3rd period - Stopped by Braden Holtby without a rebound.
4:14 of 3rd period - Evgeny Grachev wins face-off versus Nicklas Backstrom in Stars zone.
4:14 of 3rd period - Evgeny Grachev is hit by Nicklas Backstrom.
4:20 of 3rd period - Snap shot by Tyler Johnson.
4:20 of 3rd period - Shot Misses the Net.
5:35 of 3rd period - Wrist shot by Tyler Johnson.
5:35 of 3rd period - Goal by Tyler Johnson - Blues : 3 - Stars : 3.
5:36 of 3rd period - John Tavares wins face-off versus Nicklas Backstrom in neutral zone.
5:38 of 3rd period - Boris Valabik is hit by Ryan Murray and loses puck.
5:49 of 3rd period - Slapshot by Michael Grabner.
5:49 of 3rd period - Stopped by Carey Price with a rebound.
6:11 of 3rd period - Wrist shot by Matt Martin.
6:11 of 3rd period - Stopped by Braden Holtby with a rebound.
6:25 of 3rd period - Snap shot by Michael Grabner.
6:25 of 3rd period - Stopped by Carey Price with a rebound.
6:47 of 3rd period - Backhand shot by Devin Shore.
6:47 of 3rd period - Shot Misses the Net.
6:53 of 3rd period - Slapshot by John Tavares.
6:53 of 3rd period - Stopped by Carey Price without a rebound.
6:54 of 3rd period - Evgeny Grachev wins face-off versus Nicklas Backstrom in Blues zone.
6:59 of 3rd period - Slapshot by Alex Chiasson.
6:59 of 3rd period - Shot Misses the Net.
7:01 of 3rd period - Snap shot by Brian Lee.
7:01 of 3rd period - Deflect By Evgeny Grachev.
7:01 of 3rd period - Shot Misses the Net.
7:01 of 3rd period - Puck is out of play.
7:02 of 3rd period - Evgeny Grachev wins face-off versus Nicklas Backstrom in Blues zone.
7:28 of 3rd period - Minor Penalty to Cam Atkinson for Hooking.
7:29 of 3rd period - Nicklas Backstrom wins face-off versus John Tavares in Stars zone.
7:46 of 3rd period - Snap shot by Tyler Johnson.
7:46 of 3rd period - Goal by Tyler Johnson - Blues : 4 - Stars : 3.
7:47 of 3rd period - John Tavares wins face-off versus Tyler Johnson in neutral zone.
7:50 of 3rd period - Wrist shot by Brian Lee.
7:50 of 3rd period - Deflect By Guillaume Latendresse.
7:50 of 3rd period - Shot Blocked by Nicklas Backstrom.
7:50 of 3rd period - Puck is out of play.
7:51 of 3rd period - Nicklas Backstrom wins face-off versus John Tavares in Blues zone.
9:06 of 3rd period - Off-side.
9:07 of 3rd period - Nicklas Backstrom wins face-off versus John Tavares in neutral zone.
9:17 of 3rd period - Tyler Johnson is hit by Michael Grabner.
9:21 of 3rd period - Snap shot by John Tavares.
9:21 of 3rd period - Goal by John Tavares - Blues : 4 - Stars : 4.
9:22 of 3rd period - Nicklas Backstrom wins face-off versus John Tavares in neutral zone.
9:24 of 3rd period - Minor Penalty to Tyler Johnson for Slashing.
9:25 of 3rd period - John Tavares wins face-off versus Samuel Morin in Blues zone.
9:37 of 3rd period - Wrist shot by John Tavares.
9:37 of 3rd period - Shot Misses the Net.
9:39 of 3rd period - Snap shot by Michael Grabner.
9:39 of 3rd period - Goal by Michael Grabner - Blues : 4 - Stars : 5.
9:40 of 3rd period - John Tavares wins face-off versus Nicklas Backstrom in neutral zone.
12:12 of 3rd period - Snap shot by Tyler Johnson.
12:12 of 3rd period - Stopped by Braden Holtby without a rebound.
12:13 of 3rd period - Tyler Johnson wins face-off versus John Tavares in Stars zone.
12:50 of 3rd period - Snap shot by Nicklas Backstrom.
12:50 of 3rd period - Shot Blocked by Ian White.
13:00 of 3rd period - Snap shot by John Tavares.
13:00 of 3rd period - Stopped by Carey Price with a rebound.
13:02 of 3rd period - Slapshot by Tyson Barrie.
13:02 of 3rd period - Stopped by Carey Price with a rebound.
13:04 of 3rd period - Wrist shot by Paul Ladue.
13:04 of 3rd period - Stopped by Carey Price without a rebound.
13:05 of 3rd period - Auston Matthews wins face-off versus Alex Chiasson in Blues zone.
13:12 of 3rd period - Paul Ladue is hit by David Perron and loses puck.
14:43 of 3rd period - Slapshot by Alex Pietrangelo.
14:43 of 3rd period - Stopped by Braden Holtby without a rebound.
14:44 of 3rd period - Auston Matthews wins face-off versus Cory Emmerton in Stars zone.
14:45 of 3rd period - Snap shot by David Perron.
14:45 of 3rd period - Stopped by Braden Holtby with a rebound.
15:10 of 3rd period - Ryan Murray is hit by Michael Grabner and loses puck.
15:17 of 3rd period - Wrist shot by Michael Grabner.
15:17 of 3rd period - Stopped by Carey Price without a rebound.
15:18 of 3rd period - Guillaume Latendresse wins face-off versus Nicklas Backstrom in Blues zone.
15:23 of 3rd period - Wrist shot by John Tavares.
15:23 of 3rd period - Deflect By Guillaume Latendresse.
15:23 of 3rd period - Shot Misses the Net.
15:23 of 3rd period - Puck is out of play.
15:24 of 3rd period - John Tavares wins face-off versus Nicklas Backstrom in Blues zone.
15:35 of 3rd period - Slapshot by John Tavares.
15:35 of 3rd period - Stopped by Carey Price with a rebound.
15:40 of 3rd period - Minor Penalty to Filip Forsberg for Tripping.
15:41 of 3rd period - Drew Shore wins face-off versus John Tavares in Blues zone.
16:17 of 3rd period - Slapshot by Evgeny Grachev.
16:17 of 3rd period - Stopped by Carey Price with a rebound.
16:41 of 3rd period - Jacob Slavin is hit by Andrew Ladd and loses puck.
17:40 of 3rd period - Penalty to Filip Forsberg is over, Filip Forsberg is back on ice.
17:55 of 3rd period - Snap shot by Cam Atkinson.
17:55 of 3rd period - Deflect By Cory Emmerton.
17:55 of 3rd period - Shot Blocked by Ladislav Smid.
17:55 of 3rd period - Puck is out of play.
17:56 of 3rd period - Cory Emmerton wins face-off versus Auston Matthews in Blues zone.
18:03 of 3rd period - Slapshot by Cam Atkinson.
18:03 of 3rd period - Shot Misses the Net.
18:09 of 3rd period - Wrist shot by Cory Emmerton.
18:09 of 3rd period - Goal by Cory Emmerton - Blues : 4 - Stars : 6.
18:10 of 3rd period - Devin Shore wins face-off versus John Tavares in neutral zone.
19:01 of 3rd period - Wrist shot by David Perron.
19:01 of 3rd period - Shot Blocked by Boris Valabik.
19:03 of 3rd period - Snap shot by Riley Sheahan.
19:03 of 3rd period - Shot Misses the Net.
19:05 of 3rd period - Slapshot by Alex Pietrangelo.
19:05 of 3rd period - Stopped by Braden Holtby without a rebound.
19:06 of 3rd period - Devin Shore wins face-off versus Evgeny Kuznetsov in Stars zone.
19:13 of 3rd period - Ian White is hit by Anthony Mantha and loses puck.
19:32 of 3rd period - Jacob Slavin is hit by Evgeny Grachev and loses puck.
19:37 of 3rd period - Slapshot by Alex Chiasson.
19:37 of 3rd period - Stopped by Carey Price without a rebound.
19:38 of 3rd period - Alex Chiasson wins face-off versus Auston Matthews in Blues zone.
19:51 of 3rd period - Slapshot by Evgeny Grachev.
19:51 of 3rd period - Shot Blocked by Ladislav Smid.
19:53 of 3rd period - Minor Penalty to David Perron for Kneeing.
19:54 of 3rd period - Drew Shore wins face-off versus John Tavares in Blues zone.
Goals for this period are 2 for Blues vs 3 for Stars.
Shots for this period are 14 for Blues vs 13 for Stars.